 Dungeon Crawl Stone Soup version 0.27.0-1-g7a089689b8 (webtiles) character file.

Game seed: 18313212922966770140

5506 garrulousMonolith the Basher (level 10, -1/64 HPs)
             Began as a Gargoyle Fighter on Aug 2, 2021.
             Was an Elder of Okawaru.
             Slain by a two-headed ogre (14 damage)
             ... on level 10 of the Dungeon.
             The game lasted 00:14:24 (9475 turns).

garrulousMonolith the Basher (Gargoyle Fighter)     Turns: 9475, Time: 00:14:25

Health: -1/64      AC: 26    Str: 19    XL:     10   Next: 70%
Magic:  13/13      EV:  5    Int: 12    God:    Okawaru [****..]
Gold:   314        SH: 11    Dex: 10    Spells: 9/9 levels left

rFire    . . .     SeeInvis .   a - +0 morningstar
rCold    . . .     Faith    .   c - +0 kite shield
rNeg     + . .     Spirit   .   d - +0 plate armour
rPois    ∞         Reflect  .   j - +0 helmet
rElec    +         Harm     .   x - +0 cloak
rCorr    +         Rampage  .   D - +2 pair of gloves
Will     .....                  (no boots)
Stlth    ..........             y - amulet of the acrobat
HPRegen  0.20/turn              K - +4 ring of slaying
MPRegen  0.13/turn              J - ring of resist corrosion

@: no status effects
A: sickness immunity, AC +7, negative energy resistance 1, electricity
resistance, torment resistance 1, petrification resistance
a: Renounce Religion, Heroism


You were on level 10 of the Dungeon.
You worshipped Okawaru.
Okawaru was greatly pleased with you.
You visited 2 branches of the dungeon, and saw 11 of its levels.

You collected 363 gold pieces.
You spent 49 gold pieces at shops.

Inventory:

Hand Weapons
 a - a +0 morningstar (weapon)
 b - a +4 hunting sling
 i - a +4 scimitar of flaming
 B - a +0 whip of electrocution
Missiles
 e - 73 poisoned darts (quivered)
 k - 255 stones
 v - 97 sling bullets
Armour
 c - a +0 kite shield (worn)
 d - a +0 plate armour (worn)
 j - a +0 helmet (worn)
 x - a +0 cloak (worn)
 D - a +2 pair of gloves (worn)
Jewellery
 y - an amulet of the acrobat (around neck)
 J - a ring of resist corrosion (right hand)
 K - a +4 ring of slaying (left hand)
Wands
 p - a wand of iceblast (2)
 H - a wand of paralysis (9)
Scrolls
 g - a scroll of vulnerability {unknown}
 l - a scroll of silence {unknown}
 m - a scroll of fog {unknown}
 n - a scroll of enchant weapon
 r - a scroll of brand weapon {unknown}
 u - 2 scrolls of teleportation
 C - a scroll of summoning {unknown}
 F - a scroll of enchant armour {unknown}
 I - 4 scrolls of blinking {unknown}
Potions
 f - a potion of mutation
 o - a potion of haste
 q - a potion of might
 s - a potion of brilliance
 t - a potion of lignification
 w - a potion of magic
 z - a potion of invisibility {unknown}
 A - 2 potions of resistance
 E - a potion of flight {unknown}
 G - a potion of attraction {unknown}
 L - a potion of berserk rage {unknown}


   Skills:
 + Level 7.9 Fighting
 * Level 9.7 Maces & Flails
 + Level 8.0 Armour
 + Level 8.0 Shields
 + Level 5.2 Invocations


You had 9 spell levels left.
You didn't know any spells.
Your spell library contained the following spells:

 Spells                   Type           Power      Damage    Failure   Level
 Beastly Appendage        Tmut           0%         N/A       100%        1
 Blink                    Tloc           N/A        N/A       100%        2
 Wereblood                Tmut           0%         N/A       100%        2
 Spider Form              Tmut/Pois      0%         N/A       100%        3
 Summon Guardian Golem    Hex/Summ       0%         N/A       100%        3
 Animate Dead             Necr           0%         N/A       100%        4
 Petrify                  Tmut/Erth      0%         N/A       100%        4
 Blade Hands              Tmut           0%         N/A       100%        5
 Irradiate                Conj/Tmut      0%         3d14      100%        5
 Manifold Assault         Tloc           0%         N/A       100%        5
 Dragon Form              Tmut           0%         N/A       100%        7
 Haunt                    Necr/Summ      0%         N/A       100%        7
 Orb of Destruction       Conj           0%         N/A       100%        7
 Spellforged Servitor     Conj/Summ      0%         N/A       100%        7
 Storm Form               Tmut/Air       0%         N/A       100%        7
 Infestation              Necr           0%         N/A       100%        8
 Sublimation of Blood     Necr           Unusable   N/A       N/A         2

Dungeon Overview and Level Annotations

Branches:
Dungeon (10/15)            Temple (1/1) D:4            Lair (0/6) D:9
    Orc: D:9-12

Altars:
Ashenzari
Cheibriados
Dithmenos
Elyvilon
Fedhas
Gozag
Hepliaklqana
Kikubaaqudgha
Makhleb
Nemelex Xobeh
Okawaru
Qazlal
Ru
Sif Muna
Trog
Uskayaw
Vehumet
Wu Jian
Xom
Yredelemnul
Zin
The Shining One
Beogh

Shops:
D:6 *   D:9 ?[[*

Annotations:
D:10 3 runed translucent doors, Exaltedone87's ghost, novice DrBe


Innate Abilities, Weirdness & Mutations

You are immune to sickness and miasma.
Your stone body is resilient. (AC +7)
You are immune to poison.
You resist negative energy. (rN+)
You are resistant to electric shocks. (rElec)
You are resistant to unholy torment.
You are immune to petrification.


Message History

The two-headed ogre barely misses you.
The two-headed ogre hits you but does no damage.
You puncture the two-headed ogre!
The two-headed ogre is almost dead.
The two-headed ogre looks more healthy.
Your plate armour prevents you from hitting the two-headed ogre.
The two-headed ogre is almost dead.
The two-headed ogre hits you with a +2 dire flail of protection!
You block the two-headed ogre's attack.
You barely miss the two-headed ogre.
The two-headed ogre is almost dead.
The two-headed ogre hits you but does no damage. x2
You hit the two-headed ogre but do no damage.
The two-headed ogre is almost dead.
The two-headed ogre hits you but does no damage.
The two-headed ogre hits you with a +0 giant spiked club.
Your shield prevents you from hitting the two-headed ogre.
The two-headed ogre is almost dead.
You block the two-headed ogre's attack.
The two-headed ogre hits you with a +0 giant spiked club!
* * * LOW HITPOINT WARNING * * *
You hit the two-headed ogre but do no damage.
The two-headed ogre is almost dead.
The two-headed ogre barely misses you.
The two-headed ogre hits you with a +0 giant spiked club.
* * * LOW HITPOINT WARNING * * *
Aiming: Paralyse
Press: ? - help, Shift-Dir - straight line, f/p - two-headed ogre
Aim: a two-headed ogre, wielding a +2 dire flail of protection and a +0 giant spiked club (severely wounded, chance to affect: 28%)
Okay, then.
Okay, then.
You feel better.
The two-headed ogre hits you with a +2 dire flail of protection!
* * * LOW HITPOINT WARNING * * *
The two-headed ogre hits you but does no damage.
You hit the two-headed ogre.
The two-headed ogre is almost dead.
The two-headed ogre hits you but does no damage.
The two-headed ogre hits you with a +0 giant spiked club!
You die...

#...........
#..###########
#>.#.........#
#..#.........#
#..#.........#
#..#.........# ..
#..#####'#####...
#...........((((.
#........@O.#####
#..#####....#
#..# #....# #..#
#....+ #..#
#....# #..#
#....# #..#
#....# ......
.......


You could see a two-headed ogre.

Vanquished Creatures
  Erica (D:9)
  A centaur warrior (D:9)
  Joseph (D:7)
  A komodo dragon (D:9)
  A troll (D:10)
  A hornet (D:8)
  Prince Ribbit (D:7)
  A steam dragon (D:8)
  A water moccasin (D:5)
  Duvessa (D:5)
  2 orc warriors
  An ice beast (D:5)
  2 sky beasts
  2 black bears
  A necrophage (D:5)
  4 centaurs
  2 kobold brigands (D:7)
  3 bullfrogs
  Dowan (D:5)
  7 wights
  4 howler monkeys
  An electric eel (D:8)
  2 centaur zombies
  2 jellies
  4 orc priests
  A hound (D:5)
  A centaur skeleton (D:7)
  3 iguanas
  7 orc wizards
  Robin (D:3)
  3 howler monkey zombies
  9 adders
  An adder zombie (D:3)
  A worm (D:3)
  A dart slug (D:3)
  31 orcs
  7 endoplasms
  2 giant cockroaches
  16 goblins
  3 hobgoblins
  6 jackals (D:4)
  4 quokkas
  5 ball pythons
  6 bats
  2 frilled lizards (D:1)
  19 kobolds
  7 rats
184 creatures vanquished.

Vanquished Creatures (others)
  9 plants
9 creatures vanquished.

Grand Total: 193 creatures vanquished

Notes
Turn   | Place    | Note
-------+----------+-------------------------------------------
     0 | D:1      | garrulousMonolith the Gargoyle Fighter began the quest for
                  | the Orb.
     0 | D:1      | Reached XP level 1. HP: 14/14 MP: 1/1
   214 | D:1      | Reached XP level 2. HP: 19/19 MP: 2/2
   806 | D:1      | Found a faded altar of an unknown god.
   990 | D:2      | Reached XP level 3. HP: 22/23 MP: 3/3
  1690 | D:3      | Reached skill level 3 in Maces & Flails
  1690 | D:3      | Reached XP level 4. HP: 26/29 MP: 4/4
  1805 | D:3      | Reached XP level 5. HP: 21/33 MP: 5/5
  2228 | D:3      | Noticed Robin
  2464 | D:3      | Killed Robin
  2468 | D:3      | Reached skill level 4 in Maces & Flails
  2941 | D:4      | Reached XP level 6. HP: 37/39 MP: 6/6
  3051 | D:4      | Found a staircase to the Ecumenical Temple.
  3086 | Temple   | Entered the Ecumenical Temple
  3555 | D:4      | Noticed an ice beast
  3728 | D:5      | Entered Level 5 of the Dungeon
  3784 | D:5      | Noticed an ice beast
  4233 | D:5      | Killed an ice beast
  4241 | D:5      | Reached XP level 7. HP: 43/44 MP: 7/7
  4401 | D:5      | Noticed Duvessa
  4421 | D:5      | Noticed Dowan
  4422 | D:5      | Killed Duvessa
  4423 | D:5      | Reached skill level 5 in Maces & Flails
  4434 | D:5      | Killed Dowan
  4435 | D:5      | Reached skill level 5 in Fighting
  4435 | D:5      | Reached skill level 5 in Armour
  4435 | D:5      | Reached skill level 5 in Shields
  4700 | D:5      | Reached XP level 8. HP: 30/49 MP: 8/8
  4833 | D:5      | Reached skill level 6 in Maces & Flails
  5094 | D:6      | Found Hero's Neck Hole.
  5137 | D:6      | Bought a +0 cloak for 49 gold pieces
  5808 | Temple   | Became a worshipper of the Shining One
  5896 | D:7      | Noticed Prince Ribbit
  6333 | D:7      | Reached skill level 1 in Invocations
  6389 | D:7      | Reached skill level 7 in Maces & Flails
  6432 | D:7      | Found an iron altar of Okawaru.
  6441 | D:7      | Fell from the grace of the Shining One
  6441 | D:7      | Became a worshipper of Warmaster Okawaru
  6489 | D:7      | Reached XP level 9. HP: 38/55 MP: 10/10
  6607 | D:7      | Killed Prince Ribbit
  6927 | D:7      | Noticed Joseph
  6953 | D:7      | Killed Joseph
  7393 | D:8      | Reached * piety under Okawaru
  7394 | D:8      | Reached skill level 8 in Maces & Flails
  7568 | D:8      | Noticed a hornet
  7582 | D:8      | Killed a hornet
  7872 | D:8      | Reached ** piety under Okawaru
  8069 | D:9      | Found a staircase to the Lair.
  8070 | D:9      | Noticed a komodo dragon
  8085 | D:9      | Reached XP level 10. HP: 61/63 MP: 12/12
  8358 | D:9      | Found Osmaf's Armour Emporium.
  8367 | D:9      | Found Itink's Armour Emporium.
  8539 | D:9      | Found Umyss's Magic Scroll Shoppe.
  8554 | D:9      | Reached skill level 9 in Maces & Flails
  8971 | D:9      | Noticed a centaur warrior
  8979 | D:9      | Killed a centaur warrior
  8979 | D:9      | Reached *** piety under Okawaru
  8999 | D:9      | Noticed Erica
  9022 | D:9      | Killed Erica
  9023 | D:9      | Reached skill level 5 in Invocations
  9142 | D:9      | Found Xefiudd's Assorted Antiques.
  9158 | D:9      | Reached **** piety under Okawaru
  9325 | D:10     | Entered Level 10 of the Dungeon
  9345 | D:10     | Noticed Exaltedone87's ghost (novice DrBe)
  9355 | D:10     | Found a runed translucent gate.
  9355 | D:10     | Found a runed translucent gate.
  9355 | D:10     | Found a runed translucent gate.
  9355 | D:10     | Identified the +8 plate armour of Kuclone {rF+}
  9360 | D:10     | Identified the +6 plate armour "Umeustruu" {*Corrode +Inv
                  | rPois Regen+}
  9455 | D:10     | Noticed a two-headed ogre
  9475 | D:10     | Slain by a two-headed ogre

Illustrated notes

Levels and vault maps discovered:
D:1:      tarquinn_simple_flora_water_a, layout_loops_ring,
          hellmonk_ecumenical_altar_crossroads
D:2:      layout_rooms, serial_bayou_ford_a
D:3:      layout_basic, uniq_robin
D:4:      layout_rooms, minmay_temple_entry_tees
D:5:      layout_loops_ring, uniq_duvessa
D:6:      layout_basic, chequers_avenue, nicolae_shop_sticking_my_neck_out
D:7:      layout_basic, okawaru_metal_pillars_1_2,
          chequers_serial_rivers_small_a, uniq_joseph, uniq_prince_ribbit1
D:8:      layout_rooms, kennysheep_dice
D:9:      layout_loops_corners, david_lair_shrubbed, serial_shops, shop,
          nicolae_shop_behind_doors, nicolae_shop_competitors_out_of_business,
          kennysheep_little_box, hex_large, uniq_erica
D:10:     layout_irregular_city, biasface_ghost_orc_armoury, serial_park_tiny_2,
          disabler_island
Temple:   regret_index_temple_sigil_plot

Skill      XL: |  1  2  3  4  5  6  7  8  9 10 |
---------------+-------------------------------+-----
Maces & Flails | 3 4 5 7 8 9 |  9.7
Fighting       | 4 5 6 7 |  7.9
Armour         | 4 5 6 7 8 |  8.0
Shields        | 4 5 6 7 8 |  8.0
Invocations    | 1 3 5 |  5.2

Action                   |  1- 3 |  4- 6 |  7- 9 | 10-12 || total
-------------------------+-------+-------+-------+-------++-------
Melee: Flail             |   145 |    30 |       |       ||   175
       War axe           |       |    53 |       |       ||    53
       Morningstar       |       |    59 |   314 |    98 ||   471
 Fire: Hunting sling     |       |     4 |    35 |       ||    39
Throw: Dart              |       |       |    16 |     5 ||    21
Invok: Heroism           |       |       |       |     1 ||     1
Evoke: Wand              |       |     2 |     8 |     5 ||    15
  Use: Scroll            |     2 |     5 |     3 |       ||    10
       Potion            |       |     6 |     2 |     3 ||    11
 Stab: Paralysed         |       |       |    12 |       ||    12
Armor: Scale mail        |    85 |    62 |       |       ||   147
       Plate armour      |       |    49 |   235 |    98 ||   382
Dodge: Dodged            |    63 |    53 |    74 |    38 ||   228
Block: Kite shield       |   104 |   100 |   175 |    75 ||   454
